 Seeded DCSS version 0.25-a0-464-g3004169 (webtiles) character file.

Game seed: 6182461587212440505, levelgen mode: deterministic

2825 Faels the Quickloader (level 9, -11/69 HPs)
             Began as a Barachi Hunter on Feb 3, 2020.
             Was a Believer of Okawaru.
             Hit by a boomerang of dispersal thrown by an orc warrior (16 damage)
             ... on level 7 of the Dungeon.
             The game lasted 00:33:01 (8437 turns).

Faels the Quickloader (Barachi Hunter)              Turns: 8437, Time: 00:33:02

Health: -11/69     AC: 12    Str: 14    XL:     9   Next: 73%
Magic:  18/18      EV: 12    Int: 17    God:    Okawaru [**....]
Gold:   298        SH:  0    Dex: 15    Spells: 8/8 levels left

rFire    + . .     SeeInvis .   R - +6 mace of Checkmate {elec, rElec rF+}
rCold    . . .     Gourm    .   (no shield)
rNeg     . . .     Faith    .   m - +0 ring mail {MR+}
rPois    .         Spirit   .   I - +1 helmet of Impermeability {Int+5}
rElec    +         Reflect  .   t - +0 cloak (curse)
rCorr    .         Harm     .   u - +2 pair of gloves
MR       +....                  x - +0 pair of boots
Stlth    ++........             (no amulet)
HPRegen  0.21/turn              B - ring of magical power
MPRegen  0.16/turn              (no ring)

@: can't hop, very slightly contaminated, slow
A: +LOS, swims, slowness 1, strong legs 1
a: Hop, Heroism, Renounce Religion


You were on level 7 of the Dungeon.
You worshipped Okawaru.
Okawaru was pleased with you.
You were not hungry.

You visited 2 branches of the dungeon, and saw 8 of its levels.

You collected 298 gold pieces.

Inventory:

Hand Weapons
 a - a +1 hand crossbow
 o - a +0 falchion of electrocution
 z - a +0 vorpal spear
 C - a +5 spear
 N - a +2 short sword of freezing
 Q - a +1 dagger of venom
 R - the +6 mace of Checkmate (weapon) {elec, rElec rF+}
   (You found it on level 6 of the Dungeon)

   Occasionally, upon striking a foe, it will discharge some electrical energy
   and cause terrible harm.
   It protects you from fire.
   It insulates you from electricity.
 S - a +2 broad axe of flaming
Missiles
 d - 28 bolts
 i - 22 poisoned darts (quivered)
 y - 8 boomerangs
Armour
 m - a +0 ring mail of magic resistance (worn)
 n - a +2 helmet
 t - a cursed +0 cloak (worn)
 u - a +2 pair of gloves (worn)
 x - a +0 pair of boots (worn)
 I - the +1 helmet of Impermeability (worn) {Int+5}
   (You took it off Robin on level 4 of the Dungeon)

   It affects your intelligence (+5).
   If you remove this armour, your AC will fall 2 points (12 -> 10)
 M - a cursed +0 ring mail
 T - +0 steam dragon scales
Jewellery
 B - a ring of magical power (left hand)
 P - an uncursed ring of wizardry
Wands
 j - a wand of flame (19)
 E - a wand of enslavement (9)
Scrolls
 b - a scroll of identify
 h - 2 scrolls of enchant weapon {unknown}
 l - 7 scrolls of teleportation
 q - 2 scrolls of immolation {unknown}
 r - a scroll of magic mapping {unknown}
 v - a scroll of blinking
 w - 4 scrolls of amnesia
 F - a scroll of fog {unknown}
 J - 2 scrolls of remove curse {unknown}
 O - a scroll of random uselessness {unknown}
Potions
 e - a potion of agility
 g - a potion of lignification {unknown}
 k - 2 potions of flight
 G - 4 potions of curing
 H - a potion of brilliance {unknown}
 K - 2 potions of heal wounds
Comestibles
 c - 3 chunks of flesh
 f - 13 rations


   Skills:
 - Level 5.9 Fighting
 - Level 5.0 Long Blades
 * Level 4.3 Maces & Flails
 - Level 10.0 Crossbows
 + Level 3.1 Throwing
 - Level 3.7 Dodging
 - Level 3.3 Stealth


You had 8 spell levels left.
You didn't know any spells.
Your spell library contained the following spells:

 Spells                   Type           Power        Failure   Level  Hunger
 Magic Dart               Conj           #...         43%         1    ##.....
 Blink                    Tloc           N/A          58%         2    ###....
 Call Imp                 Summ           #.......     58%         2    ###....
 Slow                     Hex            #.......     58%         2    ###....
 Conjure Flame            Conj/Fire      #.......     82%         3    ####...
 Mephitic Cloud           Conj/Pois/Air  #.......     82%         3    ####...


Dungeon Overview and Level Annotations

Branches:
Dungeon (7/15)             Temple (1/1) D:4

Altars:
Ashenzari
Cheibriados
Dithmenos
Elyvilon
Fedhas
Gozag
Hepliaklqana
Kikubaaqudgha
Makhleb
Nemelex Xobeh
Okawaru
Qazlal
Ru
Sif Muna
Trog
Uskayaw
Vehumet
Wu Jian
Xom
Yredelemnul
Zin
The Shining One


Innate Abilities, Weirdness & Mutations

You can be seen from farther away. (+LOS)
You can swim through water.
You cover ground slowly.
You can hop short distances.


Message History

Okawaru accepts your kill.
The orc warrior throws a boomerang of dispersal.
The boomerang of dispersal hits you!
You blink.
The orc warrior barely misses you.
You closely miss the orc warrior.
The orc warrior is lightly wounded.
The orc warrior hits you with a +0 halberd!
* * * LOW HITPOINT WARNING * * *
You hit the orc warrior.
Lightning courses through the orc warrior!
The orc warrior is heavily wounded.
The orc warrior hits you with a +0 halberd!
* * * LOW HITPOINT WARNING * * *
Blink to where?
Press: ? - help, Dir - move target cursor You are very lightly contaminated with residual magic.
As you read the scroll of blinking, it crumbles to dust.
The orc warrior throws a boomerang of dispersal.
The boomerang of dispersal hits you!
You die...

### ..# #.# #.# #.## #@.# #..#
#..######## #. #. #.........#
#..#. #..#......# #..#.
#..#......#
#..#.########.......).#
###.............##......########
....................§o..........


You could see an orc warrior.

Vanquished Creatures
  Maggie (D:6)
  4 ice beasts
  A black bear (D:7)
  A necrophage (D:6)
  2 ogres
  3 centaurs
  A big kobold (D:7)
  A scorpion (D:4)
  4 crimson imps
  A bullfrog zombie (D:7)
  A centaur zombie (D:6)
  4 hounds
  2 orc priests
  A centaur skeleton (D:5)
  3 gnoll shamans (D:3)
  Terence (D:2)
  An iguana (D:6)
  4 orc wizards
  3 worker ants
  A hound zombie (D:7)
  2 hound skeletons (D:4)
  Robin (D:4)
  6 adders
  52 gnolls
  A shadow imp (D:6)
  An ooze (D:2)
  An adder zombie (D:7)
  An adder skeleton (D:4)
  2 dart slugs
  3 leopard geckos
  19 orcs
  A giant cockroach (D:3)
  8 goblins
  10 hobgoblins
  14 jackals (D:3)
  3 bats
  3 frilled lizards
  A jackal skeleton (D:5)
  12 kobolds
  A leopard gecko skeleton (D:6)
  4 rats
  A plant (D:3)
187 creatures vanquished.

Notes
Turn   | Place    | Note
-------+----------+-------------------------------------------
     0 | D:1      | Faels the Barachi Hunter began the quest for the Orb.
     0 | D:1      | Reached XP level 1. HP: 17/17 MP: 1/1
    75 | D:1      | Reached XP level 2. HP: 20/23 MP: 2/2
   825 | D:2      | Reached XP level 3. HP: 28/28 MP: 3/3
  1338 | D:2      | Noticed Terence
  1344 | D:2      | Killed Terence
  1344 | D:2      | Reached XP level 4. HP: 35/35 MP: 4/4
  1719 | D:2      | Reached skill level 1 in Stealth
  1725 | D:2      | Reached skill level 5 in Crossbows
  1742 | D:2      | Reached skill level 1 in Long Blades
  1751 | D:2      | Found a stormy altar of Qazlal.
  1756 | D:2      | Found a shattered altar of Ashenzari.
  1759 | D:2      | Found a glowing silver altar of Zin.
  1781 | D:2      | Found a burning altar of Makhleb.
  1781 | D:2      | Found a blossoming altar of Fedhas.
  2325 | D:3      | Reached XP level 5. HP: 41/41 MP: 5/5
  2535 | D:3      | Noticed an ogre
  2583 | D:3      | HP: 1/42 [gnoll/+0 spear (3)]
  2965 | D:3      | Reached XP level 6. HP: 45/48 MP: 6/6
  3291 | D:3      | Reached skill level 6 in Crossbows
  3467 | D:3      | Reached XP level 7. HP: 49/55 MP: 7/7
  4703 | D:3      | Reached skill level 5 in Fighting
  5014 | D:4      | Found a hide-covered altar of Uskayaw.
  5016 | D:4      | Noticed a +0 hand axe
  5016 | D:4      | Noticed a +0 hand axe
  5194 | D:4      | Reached skill level 7 in Crossbows
  5212 | D:4      | Reached XP level 8. HP: 58/62 MP: 8/8
  5228 | D:4      | Identified the +1 helmet of Impermeability {Int+5}
  5228 | D:4      | Noticed Robin
  5236 | D:4      | Killed Robin
  5528 | D:4      | Found a staircase to the Ecumenical Temple.
  5535 | Temple   | Entered the Ecumenical Temple
  5607 | Temple   | Became a worshipper of Warmaster Okawaru
  6159 | D:5      | Entered Level 5 of the Dungeon
  6322 | D:5      | Reached skill level 8 in Crossbows
  6760 | D:5      | Reached * piety under Okawaru
  7025 | D:5      | Reached skill level 9 in Crossbows
  7364 | D:6      | Reached XP level 9. HP: 66/68 MP: 9/9
  7510 | D:6      | Reached skill level 10 in Crossbows
  7828 | D:6      | Reached skill level 5 in Long Blades
  7828 | D:6      | Reached skill level 1 in Throwing
  7861 | D:6      | Got an encrusted mace
  7862 | D:6      | Identified the +6 mace of Checkmate {elec, rElec rF+} (You
                  | found it on level 6 of the Dungeon)
  7868 | D:6      | Reached skill level 1 in Maces & Flails
  7987 | D:6      | Noticed Maggie
  7999 | D:6      | Killed Maggie
  7999 | D:6      | Reached ** piety under Okawaru
  8437 | D:7      | Hit by a boomerang of dispersal thrown by an orc warrior

Levels and vault maps discovered:
D:1:      psy_arrival_whirlpool, layout_basic
D:2:      layout_basic, minmay_overflow_temple_star_hex, uniq_terence
D:3:      lemuel_castle_with_subvaults [lemuel_castle_interior_original],
          layout_basic
D:4:      layout_basic, dancing_weapons_uskayaw, minmay_temple_entry_hall,
          uniq_robin
D:5:      layout_layer_cave, first_ration
D:6:      layout_basic, uniq_maggie
D:7:      minmay_the_grid_triangle_9x9_recursive_2
          [minmay_the_grid_triangle_9x9_prize_special,
          minmay_the_grid_triangle_9x9_longest,
          minmay_the_grid_triangle_9x9_pentomino_pain,
          minmay_the_grid_triangle_9x9_from_above], layout_rooms, minivault_5
Temple:   eino_temple_rhombus

Skill      XL: |  1  2  3  4  5  6  7  8  9 |
---------------+----------------------------+-----
Fighting       | 3 4 5 |  5.9
Dodging        | 3 |  3.7
Stealth        | 1 2 3 |  3.3
Crossbows      | 5 6 7 9 10 | 10.0
Long Blades    | 1 2 4 5 |  5.0
Throwing       | 3 |  3.1
Maces & Flails | 4 |  4.3

Action                   |  1- 3 |  4- 6 |  7- 9 || total
-------------------------+-------+-------+-------++-------
Melee: Short sword       |     4 |     1 |       ||     5
       Falchion          |       |    93 |   250 ||   343
       Mace              |       |       |    56 ||    56
 Fire: Hand crossbow     |    46 |    67 |    83 ||   196
Throw: Dart              |       |     5 |    48 ||    53
Invok: Heroism           |       |       |     1 ||     1
 Abil: Hop               |     1 |     3 |     3 ||     7
  Use: Potion            |     2 |     1 |       ||     3
       Scroll            |       |     1 |     5 ||     6
 Stab: Sleeping          |       |       |     1 ||     1
  Eat: Chunk             |     1 |     8 |    18 ||    27
Armor: Leather armour    |     2 |       |       ||     2
       Ring mail         |       |    50 |   150 ||   200
Dodge: Dodged            |     9 |    89 |   191 ||   289
       Rpst.: Falchion   |       |    14 |    40 ||    54

Table legend:
 A = Non-vault XP
 B = Vault XP
 C = Vault XP percentage of total XP
 D = Non-vault monster count
 E = Vault monster count
 F = Vault count percentage of total count
                 A         B        C        D         E       F
            +---------+---------+-------+---------+---------+-------
      Total |    2586 |    1450 |  35.9 |     109 |      77 |  41.4
            +---------+---------+-------+---------+---------+-------
        D:1 |      21 |       0 |   0.0 |      12 |       0 |   0.0
        D:2 |     106 |      50 |  32.1 |      17 |       2 |  10.5
        D:3 |      38 |     872 |  95.8 |      11 |      61 |  84.7
        D:4 |     374 |      35 |   8.6 |      13 |      11 |  45.8
        D:5 |     732 |       0 |   0.0 |      15 |       0 |   0.0
        D:6 |     967 |     404 |  29.5 |      28 |       1 |   3.4
        D:7 |     348 |      89 |  20.4 |      13 |       2 |  13.3
            +---------+---------+-------+---------+---------+-------
